 Dungeon Crawl Stone Soup version 0.19-a0-1637-gfc13266 (webtiles) character file.

266 Amnesiac the Prestidigitator (level 6, 0/34 HPs)
             Began as a Kobold Artificer on Sept 19, 2016.
             Slain by Razmath's ghost (3 damage)
             ... on level 4 of the Dungeon.
             The game lasted 00:04:49 (2253 turns).

Amnesiac the Prestidigitator (Kobold Artificer)     Turns: 2253, Time: 00:04:50

Health: 0/34       AC: 13    Str: 12    XL:     6   Next: 44%
Magic:  12/12      EV: 14    Int: 16    God:
Gold:   76         SH:  0    Dex: 15    Spells: 0 memorised, 5 levels left

rFire  . . .     SeeInvis .     a - +0 short sword
rCold  . . .     Gourm    .     b - +0 leather armour
rNeg   . . .     Faith    .     (shield restricted)
rPois  .         Spirit   .     i - +1 helmet
rElec  .         Dismiss  .     r - +2 cloak
rCorr  .         Reflect  .     (no gloves)
MR     .....     Harm     .     (no boots)
Stlth  ++........               (no amulet)
                                l - +5 ring of protection
                                g - +4 ring of intelligence

@: no status effects
A: carnivore 3
a: no special abilities


You were on level 4 of the Dungeon.
You were completely stuffed.

You visited 1 branch of the dungeon, and saw 4 of its levels.

You collected 76 gold pieces.

Inventory:

Hand Weapons
 a - a +0 short sword (weapon)
 s - a +0 flail
Armour
 b - a +0 leather armour (worn)
 i - a +1 helmet (worn)
 r - a +2 cloak (worn)
Jewellery
 g - a +4 ring of intelligence (left hand)
 h - an uncursed ring of wizardry
 l - a +5 ring of protection (right hand)
Wands
 c - a wand of flame (14/48)
 d - a wand of enslavement (15/24)
 e - a wand of random effects (4/48)
 m - a wand of digging (17/24)
Scrolls
 j - a scroll of fear {unknown}
 k - a scroll of fog {unknown}
 o - a scroll of teleportation {unknown}
 t - a scroll of magic mapping {unknown}
Potions
 q - a potion of might {unknown}
Comestibles
 f - 2 meat rations
 n - a slice of pizza
 p - 2 chunks of flesh


   Skills:
 - Level 1.1 Fighting
 - Level 1.3 Short Blades
 + Level 0.8 Maces & Flails
 - Level 2.4 Dodging
 - Level 1.3 Stealth
 - Level 8.0 Evocations


You had 5 spell levels left.
You didn't know any spells.

Dungeon Overview and Level Annotations

Branches:
Dungeon (4/15)
 Temple: D:4-7

Altars:

Annotations:
D:4 Razmath's ghost, weakling DsGl; Robin


Innate Abilities, Weirdness & Mutations

You are small and have problems with some larger weapons.
You are carnivorous and can eat meat at any time.


Message History

Press: ? - help, Shift-Dir - straight line, f/p - Razmath's ghost
Aim: Razmath's ghost (fast) Razmath's ghost flickers and vanishes!
Deactivating autopickup; reactivate with Ctrl-A.
This wand has 6 charges left.
Something hits you! Something barely misses you.
Evoke which item? (* to show all) (? for menu, Esc to quit)
Zapping:
e - a wand of random effects (6/48)
Press: ? - help, Shift-Dir - straight line The bolt of negative energy hits something.
This wand has 5 charges left.
Something hits you.
Evoke which item? (* to show all) (? for menu, Esc to quit)
Zapping:
e - a wand of random effects (5/48)
Press: ? - help, Shift-Dir - straight line Nothing appears to happen.
This wand has 4 charges left.
Something hits you. x2
* * * LOW HITPOINT WARNING * * *
Okay, then.
Something hits you.
* * * LOW HITPOINT WARNING * * *
Something hits you.
You die...

.#...######...#...#.....'....'...
.#....#...#...#...#.....#....#...
.'....#...#...#...'.....#....#...
.#...##..##...#...#.....'....#...
.#...##..##...#...#.....#....#...
.#.......#######..####..#....###'
.#.......##...##..####..#........
##...##......<#.....#...#........
#...##.......#.@...#...#........
..............#.....#...#........
..............#.....#...#(.......
##...##.......#.....#...'........
#... #..##...##...######........
... ...>##...##...#.......######
.. ...........#...#.......#
..##...>....#...#.......# .. #..
.....#...#.......#


There were no monsters in sight!

Vanquished Creatures
  A scorpion (D:4)
  A hound (D:4)
  An orc priest (D:4)
  3 worker ants (D:4)
  Ijyb (D:2)
  2 adders
  An adder skeleton (D:4)
  4 orcs
  A giant cockroach (D:1)
  8 goblins
  2 hobgoblins (D:1)
  8 jackals
  A quokka (D:4)
  2 bats
  A frilled lizard (D:1)
  2 kobolds (D:1)
  4 rats
43 creatures vanquished.

Notes
Turn   | Place    | Note
-------+----------+-------------------------------------------
     0 | D:1      | Amnesiac the Kobold Artificer began the quest for the Orb.
     0 | D:1      | Reached XP level 1. HP: 12/12 MP: 3/3
    72 | D:1      | Reached skill level 4 in Evocations
   110 | D:1      | Reached XP level 2. HP: 15/16 MP: 5/5
   242 | D:2      | Reached skill level 5 in Evocations
   242 | D:2      | Reached XP level 3. HP: 20/20 MP: 6/6
   253 | D:2      | Noticed Ijyb
   292 | D:2      | Killed Ijyb
   292 | D:2      | Reached XP level 4. HP: 17/25 MP: 6/8
   730 | D:4      | Reached skill level 6 in Evocations
   922 | D:4      | Noticed Razmath's ghost (weakling DsGl)
   931 | D:4      | Reached XP level 5. HP: 22/29 MP: 9/9
  1312 | D:4      | Reached skill level 7 in Evocations
  1408 | D:4      | Reached XP level 6. HP: 22/34 MP: 11/11
  1964 | D:4      | Noticed Robin
  2133 | D:4      | Reached skill level 8 in Evocations
  2253 | D:4      | Slain by Razmath's ghost

Vault maps used:
D:1:      dpeg_arrival_stone_temple_mockup, serial_bayou_pond_d,
          minmay_tetromino_l4
D:2:      glass_columns_a, fedhas_altar_fruit_tree, uniq_iyjb
D:3:      lemuel_zombie_altar_yredelemnul
D:4:      uniq_robin

Skill      XL: |  1  2  3  4  5  6 |
---------------+-------------------+-----
Evocations     | 4 5 6 7 8 |  8.0
Fighting       | |  1.1
Short Blades   | |  1.3
Maces & Flails | |  0.8
Dodging        | |  2.4
Stealth        | |  1.3

Action                   |  1- 3 |  4- 6 || total
-------------------------+-------+-------++-------
Melee: Short sword       |    73 |   183 ||   256
Evoke: Wand              |     1 |    11 ||    12
  Use: Scroll            |       |     1 ||     1
 Stab: Sleeping          |       |     1 ||     1
       Paralysed         |       |     2 ||     2
       Distracted        |       |     1 ||     1
  Eat: Chunk             |     5 |     8 ||    13
Armor: Leather armour    |    16 |    57 ||    73
Dodge: Dodged            |    72 |   176 ||   248
